 Dungeon Sprint DCSS version 0.21-a0-351-g38363bb (webtiles) character file.

83104 minicreteconcrete the Anointer (level 15, -7/145 HPs)
             Began as a Gnoll Skald on Oct 4, 2017.
             Was the Champion of Cheibriados.
             Killed from afar by an ice dragon (36 damage)
             ... with a blast of cold
             ... in the Dungeon (Sprint VII: "The Pits") on Oct 9, 2017.
             The game lasted 00:41:54 (3864 turns).

minicreteconcrete the Anointer (Gnoll Skald)        Turns: 3864, Time: 00:41:55

Health: -7/145     AC: 22    Str: 25    XL:     15   Next: 76%
Magic:  19/35      EV: 32    Int: 34    God:    Cheibriados [******]
Gold:   27         SH:  0    Dex: 44    Spells: 20/47 levels left

rFire    + . .     SeeInvis .   a - +2 halberd (flame)
rCold    . . .     Gourm    +   (shield currently unavailable)
rNeg     . . .     Faith    .   X - +7 scale mail
rPois    .         Spirit   .   t - +1 helmet
rElec    .         Reflect  .   (no cloak)
rCorr    .         Harm     .   u - +1 pair of gloves {archery}
MR       ++...     NoTele   +   (no boots)
Stlth    +++++++...             Z - amulet of the Original Sin {Gourm +Inv Str-3 Dex+5}
HPRegen  0.34/turn              O - ring "Osyumua" {Wiz Int+3 Dex+3}
MPRegen  0.24/turn              J - ring of protection from fire

@: very slightly contaminated, very slow
A: distributed training, claws 1, fangs 1, magic resistance 1, robust 1, strong
nose
a: Bend Time, Temporal Distortion, Slouch, Step From Time, Renounce Religion,
Evoke Invisibility


You were in the Dungeon.
You worshipped Cheibriados.
Cheibriados was exalted by your worship.
You were completely stuffed.

You visited 1 branch You collected 27 gold pieces.

Inventory:

Hand Weapons
 a - a +2 halberd of flaming (weapon)
 b - a +3 arbalest
 y - a +1 long sword of flaming
 H - a +2 trident of piercing
Missiles
 o - 55 stones (quivered)
 Y - 200 bolts
Armour
 t - a +1 helmet (worn)
 u - a +1 pair of gloves of archery (worn)
 z - a +3 chain mail
 X - a +7 scale mail (worn)
Magical Staves
 p - an uncursed staff of energy
Jewellery
 c - the ring "Hajomaac" {Dex+4 Slay+5}
   (You found it in the Dungeon)

   [ring of slaying]

   It affects your dexterity (+4).
   It affects your accuracy and damage with ranged weapons and melee attacks
   (+5).
 w - the ring of the Sparrow {Fire Dex+10}
   (You found it in the Dungeon)

   [ring of fire]

   It enhances your fire magic.
   It affects your dexterity (+10).
   It protects you from fire.
   It makes you vulnerable to cold.
 x - an uncursed ring of protection from fire
 B - a +3 ring of dexterity
 D - a +3 ring of evasion
 E - the ring of Egomania {rElec Int+4 SInv}
   (You found it in the Dungeon)

   [ring of see invisible]

   It affects your intelligence (+4).
   It insulates you from electricity.
   It lets you see invisible.
 J - a ring of protection from fire (right hand)
 O - the ring "Osyumua" (left hand) {Wiz Int+3 Dex+3}
   (You found it in the Dungeon)

   [ring of wizardry]

   It improves your spell success rate.
   It affects your intelligence (+3).
   It affects your dexterity (+3).
 S - the ring "Xereajergh" {Fire -Tele +Inv Int+2 Dex+9}
   (You found it in the Dungeon)

   [ring of fire]

   It enhances your fire magic.
   It affects your intelligence (+2).
   It affects your dexterity (+9).
   It protects you from fire.
   It makes you vulnerable to cold.
   It lets you turn invisible.
   It prevents most forms of teleportation.
 T - the ring of Winter {Wiz Slay+5}
   (You found it in the Dungeon)

   [ring of wizardry]

   It improves your spell success rate.
   It affects your accuracy and damage with ranged weapons and melee attacks
   (+5).
 U - the ring of Sif Muna's Displeasure {rF+ Dex+5 Slay+5}
   (You found it in the Dungeon)

   [ring of slaying]

   It affects your dexterity (+5).
   It affects your accuracy and damage with ranged weapons and melee attacks
   (+5).
   It protects you from fire.
 Z - the amulet of the Original Sin (around neck) {Gourm +Inv Str-3 Dex+5}
   (You found it in the Dungeon)

   [amulet of the gourmand]

   It allows you to eat raw meat even when not hungry.
   It affects your strength (-3).
   It affects your dexterity (+5).
   It lets you turn invisible.
Wands
 V - a wand of paralysis (12/24)
Scrolls
 j - 4 scrolls of blinking
 l - 4 scrolls of remove curse
 m - 5 scrolls of amnesia
 n - a scroll of summoning
 q - 2 scrolls of vulnerability
 K - 3 scrolls of enchant armour
 M - a scroll of enchant weapon
 Q - 2 scrolls of recharging
 R - 2 scrolls of identify
Potions
 e - 9 potions of curing
 f - 11 potions of heal wounds
 g - 10 potions of haste
 h - 2 potions of magic
 i - 3 potions of berserk rage
 k - 2 potions of invisibility
 C - 2 potions of brilliance
 I - a potion of might
 N - 5 potions of agility
 P - a potion of flight
 W - 2 potions of mutation
Miscellaneous
 v - a crystal ball of energy
 A - a lightning rod (4/4)
Comestibles
 d - 8 bread rations
 r - 40 fruits
 s - 11 meat rations
 L - 8 royal jellies


   Skills:
 + Level 16.7 Fighting
 + Level 16.2 Short Blades
 + Level 16.2 Long Blades
 + Level 16.7 Axes
 + Level 16.2 Maces & Flails
 + Level 16.2 Polearms
 + Level 16.2 Staves
 + Level 16.2 Slings
 + Level 16.2 Bows
 + Level 16.2 Crossbows
 + Level 16.2 Throwing
 + Level 16.4 Armour
 + Level 16.7 Dodging
 + Level 16.2 Stealth
 + Level 16.2 Shields
 + Level 16.2 Unarmed Combat
 + Level 16.8 Spellcasting
 + Level 16.2 Conjurations
 + Level 16.2 Hexes
 + Level 17.1 Charms
 + Level 16.2 Summonings
 + Level 16.2 Necromancy
 + Level 16.2 Translocations
 + Level 16.2 Transmutations
 + Level 16.2 Fire Magic
 + Level 16.2 Ice Magic
 + Level 16.2 Air Magic
 + Level 16.2 Earth Magic
 + Level 16.2 Poison Magic
 + Level 16.2 Invocations
 + Level 16.2 Evocations


You had 20 spell levels left.
You knew the following spells:

 Your Spells              Type           Power        Failure   Level  Hunger
a - Infusion              Chrm           ####         0%          1    None
b - Spectral Weapon       Hex/Chrm       #######.     0%          3    None
c - Olgreb's Toxic Radia  Pois           #######.     1%          4    None
d - Control Undead        Necr           #######...   1%          4    None
e - Summon Forest         Summ/Tloc      #######...   1%          5    None
f - Alistair's Intoxicat  Tmut/Pois      #######.     1%          5    None
r - Regeneration          Chrm/Necr      #######...   0%          3    None
B - Blink                 Tloc           N/A          0%          2    None


Dungeon Overview and Level Annotations

Branches:
Dungeon (1/1)

Altars:
Ashenzari
Cheibriados
Dithmenos
Elyvilon
Fedhas
Gozag
Hepliaklqana
Kikubaaqudgha
Makhleb
Nemelex Xobeh
Okawaru
Qazlal
Ru
Sif Muna
Trog
Uskayaw
Vehumet
Wu Jian
Xom
Yredelemnul
Zin
The Shining One
Beogh
Jiyva
Lugonu


Innate Abilities, Weirdness & Mutations

Your experience applies equally to all skills.
You have very sharp teeth.
Your uncanny sense of smell can sniff out nearby items.
You have sharp fingernails.
You are resistant to hostile enchantments. (MR+)
You are robust. (+10% HP)


Message History

The ice dragon closely misses you.
The ice dragon tramples you but does no damage.
The deep troll shaman is engulfed in calcifying dust.
The deep troll shaman is moving more slowly.
You hear a bark!
Unknown command.
Unknown command.
Unknown command.
Blink to where?
Press: ? - help, Dir - move target cursor You are very lightly contaminated with residual magic.
As you read the scroll of blinking, it crumbles to dust.
The deep troll shaman seems less confused.
The deep troll shaman is engulfed in calcifying dust.
The deep troll shaman stops moving altogether!
The deep troll shaman is engulfed in calcifying dust.
The ice dragon breathes frost at you.
The blast of cold misses your spectral weapon.
The blast of cold hits you!
You die...

##♣ ∆ .... ∆ ...♣#∆ .....
###♣GD#♣#♣ ∆∆ #####++#####
#@♣..T..≈♣#♣♣∆∆ #..........#
....♣#4.iY≈§♣##♣#..........#
...)♣.ih§T≈D§♣))'..#....#..#
.........≈≈§..[(@..(.......#
##♣##♣♣#♣#♣♣#♣###).........#
#################..#....#..#
...............)'..........#
...............''..........#
#############..##..#....#..#
#.#.#.#.#.#.#..##..........+
.#.#.#|#.#.##..##..........+
#|#.#.#|#.#[#..####''####''#


You could see an ice dragon, a catoblepas, a deep troll shaman (petrified) and a
friendly spectral halberd of flaming.

Vanquished Creatures
  Nikola (D)
  A lich (D)
  A sphinx (D)
  Donald (D)
  2 nagarajas (D)
  4 deep elf sorcerers (D)
  2 orc warlords (D)
  An emperor scorpion (D)
  2 ghost moths (D)
  A draconian scorcher (D)
  A reaper (D)
  A war gargoyle (D)
  A black draconian (D)
  A white draconian (D)
  A red draconian (D)
  2 deep elf annihilators (D)
  A deep elf death mage (D)
  A merfolk impaler (D)
  A blizzard demon (D)
  2 deep elf high priests (D)
  2 great orbs of eyes (D)
  A centaur warrior (D)
  A catoblepas (D)
  2 naga warriors (D)
  3 vault guards (D)
  2 two-headed ogres (D)
  3 hydras (D)
  A merfolk avatar (D)
  2 dancing weapons (D)
  A hell hog (D)
  2 ogre magi (D)
  An orc high priest (D)
  A small abomination (D)
  5 hell knights (D)
  5 deep elf knights (D)
  5 skeletal warriors (D)
  A sixfirhy (D)
  A fire crab (D)
  A flayed ghost (D)
  A shadow wraith (D)
  A swamp dragon (D)
  2 wizards (D)
  A deep elf mage (D)
  A lindwurm (D)
  A phantasmal warrior (D)
  A necromancer (D)
  A deep elf archer (D)
  14 orc knights (D)
  2 manticores (D)
  A cyclops (D)
  3 naga magi (D)
  A guardian serpent (D)
  A spiny frog (D)
  A freezing wraith (D)
  An ice devil (D)
  3 kobold demonologists (D)
  A demonic crawler (D)
  3 merfolk (D)
  A guardian mummy (D)
  A wandering mushroom (D)
  3 jumping spiders (D)
  2 polar bears (D)
  2 tyrant leeches (D)
  5 blink frogs (D)
  5 dream sheep (D)
  A hippogriff (D)
  A flying skull (D)
  A spriggan (D)
  An air elemental (D)
  4 redbacks (D)
  2 water elementals (D)
  7 yaks (D)
  6 vampire mosquitoes (D)
  2 fire elementals (D)
  2 neqoxecs (D)
  A steam dragon (D)
  Menkaure (D)
  A warg (D)
  2 soldier ants (D)
  An acid dragon (D)
  A water moccasin (D)
  3 floating eyes (D)
  2 hell hounds (D)
  A porcupine (D)
  A sky beast (D)
  A black bear (D)
  An eye of draining (D)
  11 wolves (D)
  A crocodile (D)
  3 big kobolds (D)
  An earth elemental (D)
  3 orc priests (D)
  A gnoll shaman (D)
  2 orc wizards (D)
  5 gnolls (D)
  2 adders (D)
  2 river rats (D)
  A white imp (D)
  An ooze (D)
  2 leopard geckos (D)
  7 orcs (D)
  A bat zombie (D)
  2 kobolds (D)
  A quokka (D)
  4 bats (D)
  A frilled lizard (D)
  A giant cockroach zombie (D)
  A quokka zombie (D)
  2 rats (D)
  A crawling corpse (D)
  3 spectral weapons (D)
229 creatures vanquished.

Vanquished Creatures (collateral kills)
  A sphinx (D)
  An ogre mage (D)
  A rakshasa (D)
  A centaur warrior (D)
  A merfolk aquamancer (D)
  2 two-headed ogres (D)
  A spriggan (D)
  A vampire mage (D)
  An eye of devastation (D)
  A merfolk (D)
  A hornet (D)
  A neqoxec (D)
  An ogre (D)
  A bat skeleton (D)
15 creatures vanquished.

Vanquished Creatures (others)
  A komodo dragon (shapeshifter) (D)
  A hell hound (D)
  A quokka simulacrum (D)
  3 snaplasher vines (D)
  3 spectral weapons (D)
9 creatures vanquished.

Grand Total: 253 creatures vanquished

Notes
Turn   | Place    | Note
-------+----------+-------------------------------------------
     0 | D        | minicreteconcrete the Gnoll Skald began the quest for the Orb.
     0 | D        | Reached XP level 1. HP: 20/20 MP: 6/6
    46 | D        | Found a glowing golden altar of the Shining One.
    46 | D        | Found a glowing silver altar of Zin.
    46 | D        | Found a basalt altar of Yredelemnul.
    46 | D        | Found a shimmering altar of Xom.
    46 | D        | Found an ornate altar of the Wu Jian Council.
    46 | D        | Found a bloodstained altar of Trog.
    46 | D        | Found a deep blue altar of Sif Muna.
    46 | D        | Found a sacrificial altar of Ru.
    46 | D        | Found a stormy altar of Qazlal.
    46 | D        | Found an iron altar of Okawaru.
    46 | D        | Found a sparkling altar of Nemelex Xobeh.
    46 | D        | Found a burning altar of Makhleb.
    46 | D        | Found a viscous altar of Jiyva.
    46 | D        | Found a hazy altar of Hepliaklqana.
    46 | D        | Found an opulent altar of Gozag.
    46 | D        | Found a blossoming altar of Fedhas.
    46 | D        | Found a white marble altar of Elyvilon.
    46 | D        | Found a shadowy altar of Dithmenos.
    46 | D        | Found a snail-covered altar of Cheibriados.
    47 | D        | Found a radiant altar of Vehumet.
    47 | D        | Found a corrupted altar of Lugonu.
    47 | D        | Found a roughly hewn altar of Beogh.
    48 | D        | Found an ancient bone altar of Kikubaaqudgha.
    48 | D        | Found a hide-covered altar of Uskayaw.
    48 | D        | Found a shattered altar of Ashenzari.
    54 | D        | Became a worshipper of Cheibriados the Contemplative
    74 | D        | Reached skill level 1 in Short Blades
    74 | D        | Reached skill level 1 in Long Blades
    74 | D        | Reached skill level 1 in Maces & Flails
    74 | D        | Reached skill level 1 in Polearms
    74 | D        | Reached skill level 1 in Staves
    74 | D        | Reached skill level 1 in Slings
    74 | D        | Reached skill level 1 in Bows
    74 | D        | Reached skill level 1 in Crossbows
    74 | D        | Reached skill level 1 in Throwing
    74 | D        | Reached skill level 1 in Stealth
    74 | D        | Reached skill level 1 in Shields
    74 | D        | Reached skill level 1 in Unarmed Combat
    74 | D        | Reached skill level 5 in Spellcasting
    74 | D        | Reached skill level 1 in Conjurations
    74 | D        | Reached skill level 1 in Hexes
    74 | D        | Reached skill level 1 in Summonings
    74 | D        | Reached skill level 1 in Necromancy
    74 | D        | Reached skill level 1 in Translocations
    74 | D        | Reached skill level 1 in Transmutations
    74 | D        | Reached skill level 1 in Fire Magic
    74 | D        | Reached skill level 1 in Ice Magic
    74 | D        | Reached skill level 1 in Air Magic
    74 | D        | Reached skill level 1 in Earth Magic
    74 | D        | Reached skill level 1 in Poison Magic
    74 | D        | Reached skill level 1 in Invocations
    74 | D        | Reached skill level 1 in Evocations
    74 | D        | Reached XP level 2. HP: 26/26 MP: 8/8
    83 | D        | Reached * piety under Cheibriados
   103 | D        | Noticed a floating eye
   108 | D        | Reached ** piety under Cheibriados
   120 | D        | Killed a floating eye
   120 | D        | Reached skill level 5 in Fighting
   120 | D        | Reached skill level 5 in Axes
   120 | D        | Reached skill level 5 in Dodging
   120 | D        | Reached skill level 7 in Charms
   120 | D        | Reached XP level 3. HP: 33/33 MP: 10/10
   120 | D        | Reached XP level 4. HP: 39/39 MP: 11/11
   120 | D        | Reached XP level 5. HP: 45/45 MP: 13/13
   125 | D        | Learned a level 3 spell: Spectral Weapon
   129 | D        | Learned a level 3 spell: Regeneration
   135 | D        | Reached *** piety under Cheibriados
   207 | D        | Noticed a sky beast
   212 | D        | Reached **** piety under Cheibriados
   214 | D        | Killed a sky beast
   234 | D        | Noticed a flying skull
   248 | D        | Killed a flying skull
   248 | D        | Reached skill level 5 in Armour
   248 | D        | Reached skill level 8 in Charms
   248 | D        | Reached XP level 6. HP: 27/53 MP: 10/16
   251 | D        | Reached ***** piety under Cheibriados
   268 | D        | Reached skill level 5 in Short Blades
   268 | D        | Reached skill level 5 in Long Blades
   268 | D        | Reached skill level 5 in Maces & Flails
   268 | D        | Reached skill level 5 in Polearms
   268 | D        | Reached skill level 5 in Staves
   268 | D        | Reached skill level 5 in Slings
   268 | D        | Reached skill level 5 in Bows
   268 | D        | Reached skill level 5 in Crossbows
   268 | D        | Reached skill level 5 in Throwing
   268 | D        | Reached skill level 5 in Stealth
   268 | D        | Reached skill level 5 in Shields
   268 | D        | Reached skill level 5 in Unarmed Combat
   268 | D        | Reached skill level 5 in Conjurations
   268 | D        | Reached skill level 5 in Hexes
   268 | D        | Reached skill level 5 in Summonings
   268 | D        | Reached skill level 5 in Necromancy
   268 | D        | Reached skill level 5 in Translocations
   268 | D        | Reached skill level 5 in Transmutations
   268 | D        | Reached skill level 5 in Fire Magic
   268 | D        | Reached skill level 5 in Ice Magic
   268 | D        | Reached skill level 5 in Air Magic
   268 | D        | Reached skill level 5 in Earth Magic
   268 | D        | Reached skill level 5 in Poison Magic
   268 | D        | Reached skill level 5 in Invocations
   268 | D        | Reached skill level 5 in Evocations
   268 | D        | Reached XP level 7. HP: 35/59 MP: 11/17
   326 | D        | Noticed a kobold demonologist
   328 | D        | Killed a kobold demonologist
   336 | D        | Reached ****** piety under Cheibriados
   351 | D        | Reached skill level 9 in Charms
   351 | D        | Reached XP level 8. HP: 66/67 MP: 15/19
   354 | D        | Noticed a polar bear
   359 | D        | Killed a polar bear
   467 | D        | Noticed a manticore
   473 | D        | Killed a manticore
   473 | D        | Reached XP level 9. HP: 38/75 MP: 19/21
   533 | D        | Reached skill level 10 in Charms
   540 | D        | Noticed a tyrant leech
   550 | D        | Killed a tyrant leech
   551 | D        | Reached XP level 10. HP: 79/83 MP: 23/23
   566 | D        | Noticed a lindwurm
   567 | D        | Killed a lindwurm
   588 | D        | Noticed an orc high priest
   596 | D        | Reached skill level 10 in Spellcasting
   599 | D        | Noticed a sun demon
   602 | D        | Killed an orc high priest
   602 | D        | Reached skill level 10 in Fighting
   602 | D        | Reached skill level 10 in Axes
   602 | D        | Reached skill level 10 in Dodging
   603 | D        | Reached skill level 11 in Charms
   636 | D        | Noticed a flayed ghost
   638 | D        | Killed a flayed ghost
   748 | D        | Noticed a kobold demonologist
   748 | D        | Noticed a kobold demonologist
   748 | D        | Noticed a merfolk avatar
   756 | D        | Killed a merfolk avatar
   756 | D        | Reached XP level 11. HP: 92/92 MP: 23/25
   760 | D        | Noticed a nagaraja
   766 | D        | Reached skill level 10 in Armour
   771 | D        | Noticed a manticore
   772 | D        | Killed a nagaraja
   772 | D        | Reached skill level 10 in Short Blades
   772 | D        | Reached skill level 10 in Long Blades
   772 | D        | Reached skill level 10 in Maces & Flails
   772 | D        | Reached skill level 10 in Polearms
   772 | D        | Reached skill level 10 in Staves
   772 | D        | Reached skill level 10 in Slings
   772 | D        | Reached skill level 10 in Bows
   772 | D        | Reached skill level 10 in Crossbows
   772 | D        | Reached skill level 10 in Throwing
   772 | D        | Reached skill level 10 in Stealth
   772 | D        | Reached skill level 10 in Shields
   772 | D        | Reached skill level 10 in Unarmed Combat
   772 | D        | Reached skill level 10 in Conjurations
   772 | D        | Reached skill level 10 in Hexes
   772 | D        | Reached skill level 10 in Summonings
   772 | D        | Reached skill level 10 in Necromancy
   772 | D        | Reached skill level 10 in Translocations
   772 | D        | Reached skill level 10 in Transmutations
   772 | D        | Reached skill level 10 in Fire Magic
   772 | D        | Reached skill level 10 in Ice Magic
   772 | D        | Reached skill level 10 in Air Magic
   772 | D        | Reached skill level 10 in Earth Magic
   772 | D        | Reached skill level 10 in Poison Magic
   772 | D        | Reached skill level 10 in Invocations
   772 | D        | Reached skill level 10 in Evocations
   777 | D        | Noticed a sixfirhy
   787 | D        | Killed a manticore
   872 | D        | Noticed Menkaure
   880 | D        | Killed Menkaure
   891 | D        | Reached skill level 12 in Charms
   894 | D        | Noticed a nagaraja
   897 | D        | Killed a nagaraja
  1129 | D        | Noticed a swamp dragon
  1137 | D        | Killed a swamp dragon
  1137 | D        | Reached XP level 12. HP: 46/101 MP: 23/27
  1413 | D        | Noticed an eight-headed hydra
  1419 | D        | Killed a six-headed hydra
  1523 | D        | Noticed a red draconian scorcher
  1530 | D        | Killed a red draconian scorcher
  1530 | D        | Reached skill level 13 in Charms
  1614 | D        | Noticed a hell knight
  1614 | D        | Noticed a deep elf death mage
  1619 | D        | Killed a hell knight
  1621 | D        | Killed a deep elf death mage
  1635 | D        | Reached XP level 13. HP: 62/109 MP: 4/29
  1655 | D        | Noticed a red draconian
  1664 | D        | Killed a red draconian
  1841 | D        | Noticed a deep elf annihilator
  1842 | D        | Noticed a deep elf sorcerer
  1843 | D        | Noticed a lich
  1844 | D        | Noticed an ogre mage
  1844 | D        | Noticed a sphinx
  1844 | D        | Noticed a white draconian
  1845 | D        | Paralysed by a wizard for 4 turns
  1845 | D        | Noticed a deep elf sorcerer
  1849 | D        | Noticed a deep elf high priest
  1850 | D        | Noticed a deep elf annihilator
  1850 | D        | Killed a deep elf sorcerer
  1850 | D        | Killed an ogre mage
  1850 | D        | Killed a deep elf sorcerer
  1850 | D        | Reached skill level 14 in Charms
  1850 | D        | Killed a deep elf annihilator
  1851 | D        | Killed a lich
  1851 | D        | Killed a sphinx
  1852 | D        | Noticed a deep elf high priest
  1852 | D        | Killed a deep elf high priest
  1854 | D        | Killed a white draconian
  1854 | D        | Killed a deep elf annihilator
  1859 | D        | Killed a deep elf high priest
  2001 | D        | Noticed a deep elf sorcerer
  2001 | D        | Killed a ghost moth
  2007 | D        | Killed a deep elf sorcerer
  2007 | D        | Reached XP level 14. HP: 42/120 MP: 16/32
  2015 | D        | Gained mutation: You are frail. (-10% HP) [a neqoxec]
  2018 | D        | Lost mutation: You are frail. (-10% HP) [potion of mutation]
  2018 | D        | Gained mutation: You have sharp fingernails. [potion of mutation]
  2018 | D        | Gained mutation: You are robust. (+10% HP) [potion of mutation]
  2018 | D        | Gained mutation: You are resistant to hostile enchantments. (MR+) [potion of mutation]
  2019 | D        | Noticed a black draconian
  2148 | D        | Killed a black draconian
  2344 | D        | Upgraded the game from 0.21-a0-344-g2144152 to 0.21-a0-351-g38363bb
  2347 | D        | Got the ring of Egomania {rElec Int+4 SInv}
  2349 | D        | Got the ring "Osyumua" {Wiz Int+3 Dex+3}
  2355 | D        | Got the ring "Xereajergh" {Fire -Tele +Inv Int+2 Dex+9}
  2360 | D        | Got the ring of Winter {Wiz Slay+5}
  2364 | D        | Got the ring of the Sparrow {Fire Dex+10}
  2378 | D        | Identified Bymy's Almanac of Intoxication (You found it in the Dungeon)
  2378 | D        | Identified Bymy's Almanac of Intoxication (You found it in the Dungeon)
  2383 | D        | Learned a level 4 spell: Olgreb's Toxic Radiance
  2390 | D        | Learned a level 4 spell: Control Undead
  2392 | D        | Identified Sif Muna's Collected Works on Stolen Souls (You found it in the Dungeon)
  2397 | D        | Learned a level 2 spell: Blink
  2404 | D        | Learned a level 5 spell: Summon Forest
  2414 | D        | Identified the Almanac of Enchanting Combat Magic (You found it in the Dungeon)
  2416 | D        | Identified Kips's Compendium of Ashen Cold (You found it in the Dungeon)
  2427 | D        | Got the ring "Hajomaac" {Dex+4 Slay+5}
  2430 | D        | Got the ring of Sif Muna's Displeasure {rF+ Dex+5 Slay+5}
  2509 | D        | Reached skill level 15 in Charms
  2525 | D        | Noticed an orc warlord
  2549 | D        | Noticed an orc warlord
  2573 | D        | Killed an orc warlord
  2575 | D        | Killed an orc warlord
  2575 | D        | Reached skill level 15 in Spellcasting
  2802 | D        | Got the ring of Ninetob {Wiz rN+ Str+2}
  2804 | D        | Got the ring "Fobuzili" {Str+2 Slay+5}
  2806 | D        | Got the amulet of the Original Sin {Gourm +Inv Str-3 Dex+5}
  2873 | D        | Reached skill level 15 in Fighting
  2873 | D        | Reached skill level 15 in Axes
  2873 | D        | Reached skill level 15 in Dodging
  3015 | D        | Noticed Donald
  3020 | D        | Killed Donald
  3020 | D        | Reached skill level 15 in Armour
  3203 | D        | Reached skill level 16 in Charms
  3206 | D        | Reached skill level 15 in Short Blades
  3206 | D        | Reached skill level 15 in Long Blades
  3206 | D        | Reached skill level 15 in Maces & Flails
  3206 | D        | Reached skill level 15 in Polearms
  3206 | D        | Reached skill level 15 in Staves
  3206 | D        | Reached skill level 15 in Slings
  3206 | D        | Reached skill level 15 in Bows
  3206 | D        | Reached skill level 15 in Crossbows
  3206 | D        | Reached skill level 15 in Throwing
  3206 | D        | Reached skill level 15 in Stealth
  3206 | D        | Reached skill level 15 in Shields
  3206 | D        | Reached skill level 15 in Unarmed Combat
  3206 | D        | Reached skill level 15 in Conjurations
  3206 | D        | Reached skill level 15 in Hexes
  3206 | D        | Reached skill level 15 in Summonings
  3206 | D        | Reached skill level 15 in Necromancy
  3206 | D        | Reached skill level 15 in Translocations
  3206 | D        | Reached skill level 15 in Transmutations
  3206 | D        | Reached skill level 15 in Fire Magic
  3206 | D        | Reached skill level 15 in Ice Magic
  3206 | D        | Reached skill level 15 in Air Magic
  3206 | D        | Reached skill level 15 in Earth Magic
  3206 | D        | Reached skill level 15 in Poison Magic
  3206 | D        | Reached skill level 15 in Invocations
  3206 | D        | Reached skill level 15 in Evocations
  3218 | D        | Identified Pelegi's Handbook of Gliding Transformation (You found it in the Dungeon)
  3224 | D        | Learned a level 5 spell: Alistair's Intoxication
  3335 | D        | Reached XP level 15. HP: 141/141 MP: 28/34
  3337 | D        | Noticed an emperor scorpion
  3347 | D        | Killed a ghost moth
  3371 | D        | Killed an emperor scorpion
  3387 | D        | Noticed a deep elf sorcerer
  3394 | D        | Killed a deep elf sorcerer
  3533 | D        | Found the +0 sword of Power
  3617 | D        | Noticed a sphinx
  3632 | D        | Killed a sphinx
  3694 | D        | Paralysed by a floating eye for 3 turns
  3702 | D        | Reached skill level 17 in Charms
  3726 | D        | Noticed Nikola
  3850 | D        | Killed Nikola
  3864 | D        | Killed from afar by an ice dragon

Vault maps used:
D:        pitsprint

Skill      XL: |  1  2  3  4  5  6  7  8  9 10 11 12 13 14 15 |
---------------+----------------------------------------------+-----
Short Blades   | 1 3 4 5 7 8 9 10 12 13 15 16 | 16.2
Long Blades    | 1 3 4 5 7 8 9 10 12 13 15 16 | 16.2
Maces & Flails | 1 3 4 5 7 8 9 10 12 13 15 16 | 16.2
Polearms       | 1 3 4 5 7 8 9 10 12 13 15 16 | 16.2
Staves         | 1 3 4 5 7 8 9 10 12 13 15 16 | 16.2
Slings         | 1 3 4 5 7 8 9 10 12 13 15 16 | 16.2
Bows           | 1 3 4 5 7 8 9 10 12 13 15 16 | 16.2
Crossbows      | 1 3 4 5 7 8 9 10 12 13 15 16 | 16.2
Throwing       | 1 3 4 5 7 8 9 10 12 13 15 16 | 16.2
Stealth        | 1 3 4 5 7 8 9 10 12 13 15 16 | 16.2
Shields        | 1 3 4 5 7 8 9 10 12 13 15 16 | 16.2
Unarmed Combat | 1 3 4 5 7 8 9 10 12 13 15 16 | 16.2
Spellcasting   | 5 7 8 9 10 11 12 14 15 16 | 16.8
Conjurations   | 1 3 4 5 7 8 9 10 12 13 15 16 | 16.2
Hexes          | 1 3 4 5 7 8 9 10 12 13 15 16 | 16.2
Summonings     | 1 3 4 5 7 8 9 10 12 13 15 16 | 16.2
Necromancy     | 1 3 4 5 7 8 9 10 12 13 15 16 | 16.2
Translocations | 1 3 4 5 7 8 9 10 12 13 15 16 | 16.2
Transmutations | 1 3 4 5 7 8 9 10 12 13 15 16 | 16.2
Fire Magic     | 1 3 4 5 7 8 9 10 12 13 15 16 | 16.2
Ice Magic      | 1 3 4 5 7 8 9 10 12 13 15 16 | 16.2
Air Magic      | 1 3 4 5 7 8 9 10 12 13 15 16 | 16.2
Earth Magic    | 1 3 4 5 7 8 9 10 12 13 15 16 | 16.2
Poison Magic   | 1 3 4 5 7 8 9 10 12 13 15 16 | 16.2
Invocations    | 1 3 4 5 7 8 9 10 12 13 15 16 | 16.2
Evocations     | 1 3 4 5 7 8 9 10 12 13 15 16 | 16.2
Armour         | 4 5 6 7 8 9 11 12 13 15 16 | 16.4
Fighting       | 5 6 7 8 9 10 11 12 14 15 16 | 16.7
Axes           | 5 6 7 8 9 10 11 12 14 15 16 | 16.7
Dodging        | 5 6 7 8 9 10 11 12 14 15 16 | 16.7
Charms         | 7 8 9 10 11 12 13 14 16 17 | 17.1

Action                   |  1- 3 |  4- 6 |  7- 9 | 10-12 | 13-15 || total
-------------------------+-------+-------+-------+-------+-------++-------
Melee: Hand axe          |    24 |     1 |       |       |       ||    25
       Bite              |     5 |     4 |    15 |    25 |    55 ||   104
       Trident           |       |    23 |    17 |       |       ||    40
       Halberd           |       |       |    36 |   146 |   289 ||   471
Throw: Stone             |     4 |       |       |       |     8 ||    12
 Cast: Spectral Weapon   |       |     4 |     4 |    14 |    24 ||    46
       Regeneration      |       |     1 |     3 |    10 |    20 ||    34
       Blink             |       |       |       |       |     9 ||     9
       Control Undead    |       |       |       |       |     4 ||     4
       Olgreb's Toxic Ra |       |       |       |       |     2 ||     2
       Alistair's Intoxi |       |       |       |       |     3 ||     3
       Summon Forest     |       |       |       |       |     3 ||     3
Invok: Slouch            |       |       |       |     7 |    20 ||    27
  Use: Potion            |       |     1 |       |     1 |     8 ||    10
       Scroll            |       |       |       |       |     1 ||     1
 Stab: Sleeping          |     2 |     1 |     1 |     5 |     1 ||    10
       Distracted        |       |       |       |     5 |    10 ||    15
  Eat: Chunk             |       |       |       |     1 |    13 ||    14
       Bread ration      |       |       |       |       |     1 ||     1
Armor: Leather armour    |     9 |       |       |       |       ||     9
       Chain mail        |       |    12 |     1 |       |       ||    13
       Ring mail         |       |       |     7 |    24 |    15 ||    46
       Scale mail        |       |       |       |       |    40 ||    40
Dodge: Dodged            |    20 |    21 |    21 |   153 |   259 ||   474

Table legend:
 A = Spawn XP
 B = Non-spawn XP
 C = Spawn XP percentage of total XP
 D = Spawn monster count
 E = Non-spawn monster count
 F = Spawn count percentage of total count
 G = Total turns spent on level
                    A         B        C        D         E        F      G
               +---------+---------+-------+---------+---------+-------+---------
         Total |       0 |  118721 |   0.0 |       0 |     240 |   0.0 |  3864
               +---------+---------+-------+---------+---------+-------+---------
             D |       0 |  118721 |   0.0 |       0 |     240 |   0.0 |  3864
               +---------+---------+-------+---------+---------+-------+---------
